Map: [ESL] Moondance

Players

Scarlett - Winner!

  • Race: Zerg Zerg
  • Spawn Location: 6:00

MaNa

  • Race: Protoss Protoss
  • Spawn Location: 12:00

Event: DreamHack SC2 Masters 2022 Valencia

VOD

Have the link to the VOD?

Description

Time

  • Played on: July 2, 2022, 3:32 a.m.
  • Length: 12:16

All games in this series

Show
View Real Time Build Order
Export as new Build Order

Scarlett Zerg - Winner!

Build Orders: Hatch First 

Get SALT Encoding   

  12  0:01  Drone  
  13  0:12  Overlord  
  13  0:17  Drone  
  14  0:30  Drone x2  
  16  0:41  Drone  
  17  0:51  Hatchery  
  17  0:54  Drone  
  17  0:57  Drone  
  18  1:09  Extractor  
  17  1:12  Spawning Pool  
  17  1:15  Drone  
  18  1:18  Drone  
  18  1:27  Drone  
  19  1:38  Drone  
  20  1:49  Overlord  
  20  2:00  Queen  
  22  2:03  Queen  
  22  2:04  Zergling x2  
  22  2:05  Drone  
  26  2:14  Drone  
  26  2:15  Metabolic Boost, Drone  
  28  2:24  Zergling x2  
  28  2:25  Drone  
  30  2:33  Drone  
  31  2:39  Hatchery  
  31  2:43  Queen  
  32  2:49  Drone  
  32  2:51  Overlord  
  33  3:02  Drone x3  
  36  3:13  Drone x7  
  36  3:17  Queen  
  44  3:22  Overlord  
  44  3:28  Overlord  
  44  3:33  Spore Crawler  
  43  3:37  Drone  
  43  3:39  Queen  
  43  3:41  Drone x3  
  48  3:46  Evolution Chamber  
  48  3:52  Drone x5  
  53  4:01  Queen  
  55  4:05  Drone, Queen  
  55  4:06  Drone  
  55  4:09  Drone  
  60  4:10  Overlord  
  60  4:16  Zerg Melee Weapons Level 1  
  60  4:17  Drone  
  60  4:18  Drone  
  62  4:26  Drone x4  
  62  4:27  Overlord  
  62  4:28  Overlord  
  62  4:30  Overlord  
  66  4:36  Drone x5  
  71  4:45  Hatchery  
  70  4:53  Extractor, Lair  
  70  4:55  Roach Warren, Extractor  
  70  4:58  Drone x5  
  72  5:01  Drone x2  
  72  5:04  Overlord  
  74  5:14  Zergling x16  
  81  5:23  Zergling x6  
  81  5:27  Queen  
  86  5:30  Spore Crawler, Zergling x10  
  90  5:38  Overlord x3  
  90  5:43  Spore Crawler  
  89  5:55  Glial Reconstitution  
  89  6:03  Drone x13  
  102  6:13  Spore Crawler, Drone, Extractor  
  102  6:14  Drone x2  
  102  6:15  Extractor  
  102  6:16  Zergling x8  
  102  6:17  Zerg Melee Weapons Level 2  
  106  6:23  Zergling x2  
  106  6:24  Zergling x10  
  112  6:33  Zergling x8  
  116  6:40  Baneling Nest  
  116  6:41  Roach x8  
  116  6:44  Overlord  
  130  6:56  Drone  
  130  6:57  Drone x4  
  130  6:58  Overlord x2  
  135  7:07  Overlord x4  
  135  7:08  Drone  
  135  7:09  Drone  
  137  7:15  Drone  
  137  7:16  Overlord, Drone  
  137  7:17  Overlord x3  
  137  7:18  Hatchery  
  137  7:20  Pneumatized Carapace  
  138  7:26  Roach x4  
  138  7:27  Roach x2  
  150  7:32  Zergling x14  
  150  7:45  Zergling x16  
  150  7:50  Centrifugal Hooks  
  158  7:59  Baneling x4  
  158  8:05  Zergling x2  
  158  8:06  Zergling x26  
  172  8:16  Zergling x6  
  174  8:25  Zergling x10  
  164  8:33  Zerg Missile Weapons Level 1  
  151  8:35  Drone x3  
  151  8:37  Drone x3  
  151  8:38  Zergling x10  
  156  8:42  Spine Crawler  
  156  8:43  Extractor, Zergling x6  
  156  8:46  Roach x4  
  162  8:51  Drone  
  155  8:56  Roach x4  
  155  9:00  Roach  
  155  9:01  Roach x3  
  162  9:03  Roach  
  162  9:04  Roach  
  166  9:15  Hatchery  
  164  9:20  Zergling x20  
  169  9:25  Drone  
  169  9:26  Drone x3  
  173  9:34  Spore Crawler  
  173  9:36  Zergling x16  
  174  9:42  Zergling x10  
  174  9:44  Baneling x14  
  177  9:47  Drone x2  
  173  9:53  Zergling x8  
  173  9:58  Zergling x8  
  181  10:00  Drone x2  
  181  10:05  Zergling x2  
  184  10:12  Spine Crawler x2, Zergling x8  
  184  10:14  Baneling x2  
  186  10:15  Hatchery  
  186  10:19  Baneling x6  
  186  10:20  Zergling x12  
  190  10:27  Drone  
  190  10:28  Drone x3  
  193  10:33  Zergling x6  
  193  10:34  Zergling x10  
  200  10:38  Infestation Pit  
  193  10:47  Zergling x14  
  184  10:53  Zergling x8  
  166  11:00  Zergling x4  
  166  11:01  Zergling x18  
  165  11:12  Zergling x14  
  167  11:18  Zergling x6  
  167  11:20  Zergling x4  
  167  11:22  Baneling x11  
  171  11:32  Zergling x22  
  151  11:48  Zergling x18  
  151  11:53  Roach x5  
Show
View Real Time Build Order
Export as new Build Order

MaNa Protoss 

Build Orders: 1 Gate Expand, Oracle Opening 

Get SALT Encoding   

  12  0:00  Probe  
  13  0:12  Probe  
  14  0:19  Pylon  
  14  0:24  Probe  
  15  0:37  Probe (Chrono Boost)  
  16  0:44  Gateway  
  16  0:46  Probe (Chrono Boost)  
  17  0:51  Assimilator  
  17  0:52  Probe  
  19  1:04  Probe (Chrono Boost)  
  19  1:13  Probe (Chrono Boost)  
  19  1:18  Probe (Chrono Boost)  
  21  1:28  Nexus  
  21  1:39  Cybernetics Core  
  21  1:45  Assimilator  
  21  1:50  Pylon  
  22  1:54  Probe  
  22  2:06  Probe  
  23  2:13  Adept (Chrono Boost)  
  23  2:15  Stargate  
  23  2:18  Probe  
  26  2:25  Warp Gate  
  26  2:30  Probe  
  26  2:36  Stalker  
  29  2:42  Probe x2  
  30  2:54  Probe x2  
  32  3:01  Oracle (Chrono Boost)  
  35  3:06  Probe x2  
  37  3:18  Probe  
  37  3:19  Probe  
  39  3:28  Nexus  
  39  3:30  Probe  
  39  3:31  Probe  
  41  3:36  Oracle (Chrono Boost)  
  44  3:42  Probe  
  44  3:43  Probe  
  44  3:44  Pylon  
  46  3:49  Twilight Council  
  46  3:59  Pylon  
  46  4:02  Probe x2  
  48  4:06  Gateway  
  48  4:08  Gateway  
  48  4:14  Gateway  
  48  4:18  Probe x2 (Chrono Boost)  
  48  4:21  Blink (Chrono Boost)  
  50  4:28  Probe (Chrono Boost)  
  50  4:29  Probe (Chrono Boost)  
  52  4:33  Probe (Chrono Boost)  
  52  4:35  Probe  
  52  4:38  Assimilator  
  54  4:40  Probe  
  54  4:41  Stalker  
  54  4:44  Probe  
  58  4:47  Probe  
  58  4:49  Assimilator  
  58  4:52  Probe  
  60  4:56  Probe  
  60  4:59  Probe  
  62  5:04  Stalker x2, Probe  
  62  5:05  Stalker  
  69  5:09  Probe, Shield Battery  
  69  5:11  Probe  
  69  5:12  Stalker  
  73  5:16  Probe  
  74  5:22  Forge  
  74  5:26  Probe x2  
  76  5:29  Pylon  
  76  5:31  Pylon  
  76  5:38  Pylon  
  76  5:42  Gateway  
  76  5:43  Gateway  
  76  5:45  Gateway  
  76  5:47  Oracle  
  76  5:48  Protoss Ground Weapons Level 1 (Chrono Boost), Probe x2  
  81  5:56  Stalker x3  
  87  5:59  Stalker, Charge (Chrono Boost)  
  87  6:01  Probe  
  87  6:02  Probe  
  87  6:04  Probe  
  92  6:11  Pylon  
  92  6:20  Nexus  
  92  6:30  Stalker x4  
  92  6:32  Probe x2  
  102  6:39  Probe  
  103  6:43  Photon Cannon  
  103  6:44  Probe x2, Forge  
  103  6:46  Oracle  
  108  6:49  Shield Battery  
  108  6:54  Photon Cannon  
  108  6:58  Probe  
  109  7:03  Pylon  
  109  7:05  Gateway  
  109  7:08  Gateway x2  
  109  7:11  Probe  
  109  7:17  Gateway  
  109  7:21  Probe x2, Zealot x3  
  109  7:22  Protoss Ground Armor Level 1 (Chrono Boost)  
  117  7:25  Pylon  
  117  7:29  Pylon  
  117  7:32  Probe  
  117  7:33  Probe x2  
  115  7:46  Stalker x4, Zealot  
  115  7:49  Probe  
  126  7:54  Zealot x2  
  126  7:55  Probe x3  
  133  8:03  Protoss Ground Weapons Level 2 (Chrono Boost)  
  133  8:07  Zealot x4  
  133  8:09  Zealot x3  
  147  8:17  Templar Archives  
  133  8:34  Zealot x10  
  127  8:35  Zealot  
  127  8:38  Probe x2  
  137  8:52  Nexus  
  131  8:58  High Templar x6  
  131  8:59  Zealot x4  
  144  9:05  Archon x3  
  144  9:07  Probe x2  
  130  9:10  Protoss Ground Armor Level 2 (Chrono Boost)  
  116  9:18  Probe x2  
  116  9:19  Probe x2  
  116  9:23  Zealot x4  
  116  9:24  Zealot  
  116  9:30  Probe x2  
  118  9:31  Probe  
  118  9:33  Zealot x6  
  118  9:34  Probe  
  130  9:45  Nexus  
  130  9:53  Oracle  
  130  9:54  Probe x3  
  130  9:55  Stalker x4  
  144  10:00  Assimilator  
  144  10:02  Assimilator  
  144  10:04  Stalker x2  
  144  10:06  Shield Battery  
  148  10:16  Pylon  
  142  10:22  Pylon  
  140  10:33  Stalker x4  
  148  10:35  Stalker x4  
  148  10:39  Pylon  
  154  10:42  Stalker x2  
  154  10:43  Stalker  
  128  11:00  Zealot x8  
  142  11:08  Nexus  
  142  11:12  Stalker  
  142  11:13  Stalker x2  
  142  11:19  Pylon  
  142  11:20  Zealot x3  
  142  11:21  Zealot x3  
  144  11:39  Stalker x2  
  140  11:41  Probe x3  
  140  11:42  Probe  
  140  11:45  Zealot x3  
  122  11:53  Probe x3  
  122  11:54  Probe  
  110  11:56  Zealot x2  
  91  12:03  Zealot x2  

Tags
 
Add a new tag
Caveats
  • Supply blocks, unpowered buildings, or Contaminate may cause inaccurate times.
  • Supply counts are checked every 10 seconds.